Map: [ESL] Site Delta

Players

Dark - Winner!

  • Race: Zerg Zerg
  • Spawn Location: 11:00

Cure

  • Race: Terran Terran
  • Spawn Location: 5:00

Event: ESL SC2 Masters 2023 Winter (Finals)

VOD

Have the link to the VOD?

Description

Time

  • Played on: Dec. 17, 2023, 2:11 p.m.
  • Length: 24:34

All games in this series

Show
View Real Time Build Order
Export as new Build Order

Dark Zerg - Winner!

Build Orders: Pool First 

Get SALT Encoding   

  12  0:00  Drone  
  13  0:13  Overlord  
  13  0:17  Drone  
  14  0:31  Drone x2  
  16  0:40  Spawning Pool  
  15  0:43  Drone  
  15  0:48  Drone  
  18  0:57  Drone  
  18  1:11  Hatchery  
  18  1:15  Extractor  
  16  1:27  Zergling x4  
  16  1:28  Zergling x2  
  16  1:31  Queen  
  21  1:41  Overlord  
  21  1:54  Drone  
  22  2:00  Drone  
  23  2:07  Queen  
  25  2:15  Drone, Metabolic Boost  
  26  2:26  Drone  
  26  2:27  Drone  
  28  2:34  Drone  
  28  2:35  Drone  
  32  2:44  Drone x2  
  32  2:51  Zergling x6  
  34  2:55  Zergling x2  
  34  2:59  Drone  
  34  3:04  Hatchery  
  34  3:06  Overlord  
  34  3:13  Overlord  
  34  3:14  Drone  
  34  3:19  Drone  
  36  3:25  Drone x4  
  36  3:26  Drone  
  40  3:31  Queen  
  42  3:34  Drone  
  42  3:37  Drone  
  44  3:43  Zergling x2  
  44  3:45  Queen  
  44  3:46  Drone  
  48  3:56  Drone  
  48  3:57  Drone  
  48  4:01  Overlord  
  48  4:02  Zergling x4  
  51  4:15  Queen, Overlord  
  53  4:17  Drone x2, Overlord  
  53  4:19  Drone  
  53  4:20  Drone x2  
  53  4:23  Drone x3  
  59  4:24  Drone  
  59  4:29  Drone, Queen  
  62  4:31  Drone  
  62  4:33  Queen  
  65  4:39  Drone x2  
  67  4:49  Overlord  
  67  4:50  Drone x2  
  69  4:55  Evolution Chamber  
  69  4:56  Evolution Chamber  
  69  4:58  Zergling x4  
  69  5:01  Drone x2  
  69  5:03  Drone x2  
  69  5:05  Drone  
  69  5:06  Drone, Hatchery  
  74  5:10  Zergling x8  
  78  5:18  Overlord  
  78  5:21  Zergling x4  
  80  5:30  Zergling x2  
  80  5:34  Drone  
  81  5:38  Zerg Melee Weapons Level 1, Drone  
  81  5:39  Zerg Ground Armor Level 1  
  81  5:41  Drone  
  81  5:42  Drone  
  82  5:43  Drone, Overlord, Hatchery  
  82  5:44  Drone x7  
  88  5:52  Drone  
  89  5:58  Drone x2  
  89  6:02  Lair  
  89  6:03  Extractor  
  87  6:04  Extractor  
  87  6:05  Extractor x2  
  87  6:07  Drone  
  87  6:08  Drone x2  
  87  6:12  Queen x2  
  87  6:15  Drone x2  
  87  6:16  Baneling Nest  
  87  6:18  Queen  
  94  6:23  Hatchery  
  93  6:26  Zergling x8  
  93  6:30  Spore Crawler  
  93  6:31  Zergling x14, Spore Crawler  
  102  6:37  Overlord  
  102  6:39  Zergling x2  
  103  6:45  Overlord  
  103  6:47  Overlord x2  
  101  7:01  Drone  
  101  7:02  Drone x10  
  101  7:07  Zergling x2  
  101  7:08  Zergling x10, Infestation Pit  
  118  7:11  Zergling x4  
  118  7:15  Centrifugal Hooks  
  119  7:16  Infestation Pit  
  119  7:22  Zergling x16  
  127  7:25  Baneling x6  
  127  7:27  Zergling x14  
  127  7:28  Overlord  
  134  7:31  Overlord  
  134  7:33  Overlord  
  132  7:37  Overlord  
  132  7:38  Zergling x12  
  132  7:42  Zergling x6  
  132  7:44  Baneling x4  
  139  7:45  Baneling x3  
  139  7:46  Overlord  
  136  7:51  Zergling x12  
  136  7:54  Zerg Melee Weapons Level 2  
  136  7:58  Hive  
  139  8:00  Baneling  
  139  8:01  Baneling x10  
  139  8:04  Zergling x8  
  143  8:10  Zergling x12  
  149  8:17  Baneling x2  
  148  8:24  Zergling x30  
  159  8:31  Baneling  
  155  8:36  Zergling x26  
  155  8:41  Baneling x8  
  167  8:46  Baneling x5  
  167  8:47  Baneling x2  
  167  8:53  Zergling x14  
  167  8:54  Zergling x2  
  174  8:58  Baneling x3  
  174  9:00  Zergling x12  
  174  9:02  Overlord x2  
  179  9:06  Baneling x5  
  179  9:11  Overlord  
  179  9:12  Overlord  
  176  9:19  Overlord  
  176  9:21  Drone x4  
  180  9:24  Adrenal Glands, Zerg Ground Armor Level 2  
  180  9:25  Ultralisk Cavern  
  178  9:38  Drone  
  175  9:39  Zergling x34  
  175  9:45  Burrow  
  188  9:53  Baneling  
  188  9:54  Zergling x6, Baneling x11  
  188  9:55  Zergling x12  
  196  10:06  Zergling x8  
  196  10:07  Zergling x6  
  199  10:13  Zergling x12  
  166  10:21  Ultralisk  
  158  10:23  Ultralisk  
  158  10:26  Zergling x8  
  155  10:29  Zergling x2  
  155  10:30  Zergling x2  
  149  10:36  Chitinous Plating  
  149  10:38  Zergling x4  
  149  10:40  Drone  
  152  10:56  Ultralisk  
  158  10:58  Hatchery  
  158  10:59  Zergling x12  
  163  11:11  Zerg Melee Weapons Level 3  
  163  11:13  Drone x5  
  163  11:15  Zergling x4  
  169  11:28  Zergling x18  
  178  11:34  Overseer  
  178  11:35  Overlord  
  174  11:43  Zergling x2  
  174  11:44  Zergling x14  
  181  11:55  Anabolic Synthesis  
  181  12:00  Zergling x14  
  158  12:09  Zergling x6  
  158  12:13  Zergling x2  
  158  12:14  Zergling x4  
  148  12:18  Ultralisk  
  151  12:25  Zerg Ground Armor Level 3  
  149  12:40  Hatchery  
  149  12:41  Viper  
  151  12:45  Zergling x24  
  151  12:48  Viper  
  166  12:57  Drone x4  
  166  12:58  Drone x3  
  171  12:59  Drone  
  171  13:04  Infestor  
  171  13:05  Zergling x12  
  180  13:15  Overseer  
  180  13:18  Zergling x6  
  179  13:23  Zergling x2  
  174  13:27  Zergling x2  
  174  13:28  Zergling x18  
  174  13:33  Zergling x14  
  174  13:34  Zergling x4  
  189  13:36  Infestor x2  
  189  13:37  Hatchery  
  189  13:40  Zergling x4  
  189  13:41  Zergling x2  
  195  13:55  Zergling x6  
  198  13:59  Hatchery  
  198  14:01  Baneling x4  
  198  14:02  Baneling x9  
  197  14:03  Drone  
  198  14:14  Pneumatized Carapace  
  198  14:19  Baneling x2  
  198  14:20  Baneling x3  
  197  14:25  Zergling x2  
  197  14:26  Zergling x2  
  199  14:34  Spore Crawler  
  199  14:35  Drone x2  
  197  14:39  Spore Crawler  
  197  14:40  Drone x3  
  197  14:41  Spore Crawler  
  197  14:51  Zergling x6  
  199  14:59  Zergling x20  
  199  15:08  Spire  
  193  15:17  Drone x5  
  193  15:18  Drone x2  
  193  15:19  Drone  
  198  15:27  Baneling x14  
  197  15:30  Drone x2  
  197  15:33  Overseer x2  
  199  15:38  Spore Crawler, Hatchery  
  199  15:39  Drone  
  194  15:50  Zergling x12  
  196  16:04  Drone  
  195  16:21  Drone  
  193  16:33  Zerg Missile Weapons Level 1  
  193  16:39  Zergling x6  
  196  16:42  Zerg Flyer Weapons Level 1  
  196  16:46  Hatchery  
  193  16:53  Extractor, Drone x7  
  194  17:36  Hatchery  
  193  17:42  Spore Crawler x3, Corruptor x4  
  198  17:46  Nydus Network  
  198  17:47  Corruptor  
  199  17:53  Extractor x2  
  197  17:59  Spore Crawler  
  197  18:00  Drone x4  
  197  18:13  Overseer  
  197  18:23  Zergling x2  
  197  18:24  Zergling x2  
  199  18:27  Nydus Canal  
  192  18:40  Corruptor x12  
  199  18:44  Zergling x4  
  199  18:46  Zergling x4  
  182  19:05  Corruptor x5  
  182  19:07  Zergling x46  
  199  19:14  Zergling x4  
  199  19:15  Zergling x2, Baneling x4  
  195  19:18  Zergling x4  
  195  19:19  Zergling x8  
  195  19:20  Overlord  
  198  19:24  Zergling x2  
  198  19:27  Zergling x2  
  199  19:36  Nydus Canal  
  193  19:46  Zergling x20  
  193  19:47  Zergling x2  
  193  19:51  Ultralisk  
  195  19:53  Zergling x8, Nydus Canal  
  191  20:09  Zergling x24  
  191  20:11  Baneling x8  
  193  20:15  Zergling x2, Ultralisk  
  193  20:16  Zergling x2  
  193  20:17  Zergling x2  
  193  20:18  Zergling x16  
  193  20:19  Baneling x6  
  196  20:23  Zergling x18  
  196  20:24  Zergling x2  
  196  20:26  Baneling x5  
  188  20:28  Zergling x2  
  188  20:29  Zergling x4  
  188  20:30  Zergling x4  
  188  20:31  Zergling x2  
  188  20:32  Drone x11  
  180  20:42  Zergling x20  
  173  20:47  Hatchery  
  173  20:49  Ultralisk x2  
  156  20:59  Zergling x18  
  156  21:01  Drone x4  
  156  21:03  Zergling x4, Ultralisk  
  155  21:08  Zergling x6  
  155  21:10  Zergling x2  
  158  21:12  Zergling x8  
  158  21:17  Zerg Flyer Weapons Level 2  
  162  21:19  Infestor  
  162  21:20  Zergling x6  
  162  21:21  Zergling x4  
  162  21:22  Hatchery  
  162  21:23  Zergling x2  
  170  21:25  Zergling x4  
  170  21:26  Zergling x2  
  170  21:27  Zergling x4, Overseer x2  
  170  21:29  Zergling x2  
  175  21:33  Baneling x6  
  175  21:34  Zergling x4  
  175  21:37  Zergling x10  
  182  21:40  Zergling x2  
  182  21:44  Zergling x4  
  182  21:46  Zergling x2  
  186  21:52  Overlord x2  
  186  21:55  Overlord x3  
  175  22:04  Zergling x18  
  175  22:07  Ultralisk x2  
  160  22:10  Zergling x2  
  152  22:16  Zergling x10  
  152  22:19  Overseer  
  156  22:23  Zergling x2  
  156  22:24  Zergling x12  
  156  22:27  Ultralisk  
  163  22:33  Zergling x14  
  170  22:39  Zergling x6  
  170  22:40  Zergling x8  
  170  22:42  Drone  
  170  22:43  Drone x4  
  182  22:44  Drone  
  182  22:49  Zergling x4  
  182  22:51  Ultralisk  
  190  22:52  Zergling x8  
  194  22:59  Zergling x2  
  194  23:00  Zergling x8  
  194  23:01  Baneling x9  
  199  23:11  Zergling x2  
  199  23:13  Zergling x2  
  199  23:18  Zergling x2  
  199  23:19  Zergling x6  
  196  23:33  Ultralisk  
  189  23:36  Zergling x6  
  189  23:37  Zergling x20  
  189  23:39  Zergling x4  
  189  23:41  Zergling x10  
  190  23:46  Ultralisk  
  190  23:47  Zergling x2  
  196  23:49  Zergling x6  
  196  23:53  Zergling x10  
  199  24:00  Baneling  
  193  24:03  Baneling x3  
  193  24:04  Zergling x12  
  193  24:05  Zergling x2  
Show
View Real Time Build Order
Export as new Build Order

Cure Terran 

Build Orders: Command Center First 

Get SALT Encoding   

  12  0:00  SCV  
  13  0:12  SCV  
  14  0:17  Supply Depot  
  14  0:24  SCV  
  15  0:38  SCV  
  16  0:50  SCV  
  17  0:59  Command Center  
  17  1:02  SCV  
  18  1:07  Refinery  
  18  1:14  SCV  
  19  1:21  Barracks  
  19  1:27  SCV  
  20  1:39  SCV  
  21  1:51  SCV  
  22  2:08  Orbital Command, Reaper  
  22  2:10  Orbital Command  
  23  2:21  Command Center  
  23  2:34  SCV  
  24  2:43  SCV  
  25  2:46  SCV  
  25  2:47  Factory  
  25  2:51  Barracks Reactor  
  26  2:56  Refinery  
  26  2:59  Supply Depot  
  26  3:00  SCV x2  
  28  3:12  SCV x2  
  30  3:17  Bunker  
  30  3:25  SCV x2  
  32  3:28  Marine x2  
  32  3:33  Cyclone  
  36  3:39  Orbital Command, SCV, Starport  
  36  3:40  SCV  
  38  3:52  SCV x2  
  40  3:59  Refinery  
  40  4:04  Barracks, SCV x2  
  40  4:06  Barracks  
  42  4:14  SCV  
  42  4:16  SCV  
  43  4:18  Viking  
  43  4:20  Cyclone x2  
  43  4:22  SCV  
  49  4:26  SCV  
  49  4:30  SCV  
  51  4:32  Barracks Tech Lab  
  51  4:34  SCV  
  52  4:39  SCV  
  52  4:42  SCV  
  54  4:46  SCV, Supply Depot  
  54  4:47  Engineering Bay x2, Refinery  
  54  4:51  SCV  
  54  4:52  Marine  
  57  4:54  Barracks Reactor, SCV  
  57  4:55  Stimpack  
  57  4:58  Hellion  
  60  5:01  Starport Reactor  
  60  5:02  SCV  
  61  5:08  Hellion, SCV  
  61  5:09  Marine  
  61  5:10  Barracks Reactor  
  61  5:14  Terran Infantry Weapons Level 1, Terran Infantry Armor Level 1  
  65  5:16  Supply Depot  
  65  5:25  SCV x3  
  65  5:26  Barracks  
  65  5:27  Marine  
  65  5:28  Barracks  
  69  5:31  Marine  
  69  5:37  Marine  
  69  5:38  Hellion x2  
  68  5:43  Medivac  
  68  5:44  Medivac  
  68  5:45  SCV x2, Marine  
  68  5:49  Marine  
  76  5:50  Orbital Command  
  76  5:51  Marine  
  77  5:59  Marine  
  77  6:00  Marine  
  77  6:04  Supply Depot x2  
  77  6:07  Marine x2  
  77  6:15  Barracks  
  77  6:18  Barracks x2  
  77  6:21  Barracks Reactor x2  
  77  6:25  SCV x2, Marine x3  
  85  6:26  Hellion x2, SCV, Medivac x2  
  85  6:27  Supply Depot  
  85  6:29  Supply Depot  
  85  6:31  Armory  
  85  6:32  Marine x2  
  93  6:35  Combat Shield  
  93  6:41  Supply Depot  
  93  6:48  Marine  
  93  6:49  Supply Depot, SCV x3  
  93  6:50  Supply Depot  
  97  6:59  Marine x6  
  97  7:00  Marine x2  
  103  7:01  Medivac x2  
  103  7:02  Hellion  
  103  7:06  Hellion, Marine  
  112  7:09  SCV x3  
  115  7:17  Marine x2  
  115  7:18  Terran Infantry Weapons Level 2, Terran Infantry Armor Level 2  
  115  7:19  Barracks Tech Lab  
  115  7:20  Barracks Tech Lab  
  115  7:21  Barracks Tech Lab  
  117  7:25  Refinery  
  117  7:26  Supply Depot  
  117  7:32  SCV x3  
  117  7:33  Supply Depot  
  117  7:34  Marauder  
  122  7:42  Marauder x2, Concussive Shells  
  123  7:57  Supply Depot  
  120  8:00  Marauder, Marine x2  
  120  8:01  Marauder, Marine x2  
  120  8:02  Marine x2  
  120  8:03  Marauder  
  132  8:06  Medivac, Supply Depot  
  132  8:07  Medivac  
  140  8:13  Hellion x2  
  140  8:21  Supply Depot  
  140  8:25  Marauder x3, Marine x6  
  152  8:28  Marine x2  
  151  8:37  Hellion x2  
  151  8:39  Marauder  
  156  8:42  Marine x3  
  156  8:43  Marine  
  156  8:46  Marauder  
  162  8:49  Marine x4  
  162  8:50  Marauder x2  
  162  8:54  Medivac  
  172  8:58  Medivac  
  172  9:00  Supply Depot  
  172  9:01  Supply Depot  
  172  9:05  Sensor Tower, Marine  
  173  9:21  Marauder, Marine x6  
  173  9:22  Marine  
  173  9:23  Marauder x3  
  188  9:29  Supply Depot  
  188  9:34  Marine  
  178  9:39  Marine x5  
  178  9:41  Hellion x2  
  178  9:43  Marauder  
  188  9:50  Terran Infantry Weapons Level 3  
  188  9:51  Liberator x2, Marauder, Marine  
  197  9:55  Command Center  
  197  10:09  Marine  
  197  10:10  Marine x2  
  197  10:11  Marine x2  
  197  10:12  Marauder, Marine x3  
  197  10:13  Marauder x3  
  180  10:24  Widow Mine x2  
  180  10:27  Marine  
  180  10:28  Marine x2  
  173  10:29  Marine x2  
  173  10:30  Marine x3  
  173  10:34  Terran Infantry Armor Level 3, Marauder x4  
  183  10:40  SCV  
  184  10:45  Marine  
  185  10:53  Marine x2  
  185  10:55  Marauder  
  189  10:59  Sensor Tower  
  189  11:07  Marauder, Medivac x2  
  195  11:14  Ghost Academy  
  195  11:24  Command Center  
  195  11:36  Marine  
  195  11:37  Marauder x2  
  200  11:40  Planetary Fortress  
  200  11:45  Sensor Tower  
  196  12:02  Marine  
  196  12:03  Marauder  
  196  12:04  Marine  
  196  12:05  Marauder, Marine x2  
  152  12:09  Marine x2  
  152  12:10  Marauder, Marine x2  
  152  12:14  SCV x2  
  134  12:19  SCV  
  134  12:20  Marine  
  134  12:22  Marine x3, SCV  
  138  12:24  Marauder  
  138  12:26  SCV  
  138  12:27  Marine x4, Marauder  
  147  12:32  Widow Mine  
  147  12:33  Widow Mine  
  147  12:34  Liberator  
  147  12:35  Liberator, SCV  
  158  12:39  SCV x2  
  160  12:45  Missile Turret  
  160  12:54  SCV x3, Widow Mine x2  
  160  12:55  SCV  
  168  13:04  Personal Cloaking  
  168  13:06  SCV  
  168  13:12  Command Center  
  169  13:15  Ghost x3  
  175  13:24  Ghost  
  177  13:33  Widow Mine x2  
  179  13:37  SCV x3  
  179  13:38  SCV  
  179  13:39  Missile Turret  
  183  13:44  Ghost, Missile Turret  
  185  13:53  Ghost  
  185  13:54  Ghost x2  
  191  13:56  Widow Mine x2  
  193  14:10  Liberator  
  196  14:23  Ghost x2  
  199  14:42  Command Center  
  199  15:03  Orbital Command  
  193  15:29  Planetary Fortress  
  193  15:31  Supply Depot x2  
  193  15:32  Supply Depot  
  193  15:34  Supply Depot  
  193  15:36  Terran Vehicle And Ship Armor Level 1, Nuke  
  191  15:51  Missile Turret  
  191  15:53  Liberator x2, Ghost x2  
  191  15:54  Missile Turret  
  191  15:55  Sensor Tower  
  199  16:10  Command Center  
  199  16:12  Command Center  
  199  16:13  Missile Turret  
  199  16:17  Hi-Sec Auto Tracking, Neosteel Armor  
  197  16:27  SCV x3  
  200  16:35  Factory  
  197  16:47  Missile Turret  
  197  17:02  Missile Turret  
  197  17:07  Missile Turret  
  197  17:11  Orbital Command x2  
  197  17:12  Refinery  
  197  17:13  Orbital Command  
  193  17:31  Command Center  
  193  17:32  Command Center  
  193  17:36  Orbital Command x2  
  193  17:44  Missile Turret  
  193  17:49  Sensor Tower, Missile Turret  
  193  17:53  Planetary Fortress  
  193  18:01  Factory Tech Lab  
  193  18:02  Starport  
  193  18:04  Fusion Core, Terran Vehicle And Ship Armor Level 2  
  193  18:05  Starport  
  190  18:23  Ghost x2  
  193  18:28  SCV x6  
  187  18:35  Missile Turret  
  187  18:36  Marine x2  
  187  18:37  Liberator, Marauder x2, Marine x4  
  187  18:38  Widow Mine  
  187  18:39  Widow Mine x2  
  168  18:44  Marine x2  
  165  18:53  Marauder x2  
  165  18:54  Marine x6  
  174  18:58  Marauder x2  
  173  19:05  Liberator  
  172  19:14  Marauder x2  
  172  19:15  Orbital Command  
  172  19:16  Starport Reactor  
  176  19:18  SCV  
  176  19:19  SCV x5  
  176  19:20  SCV  
  176  19:24  Refinery x2  
  184  19:26  Planetary Fortress  
  184  19:30  Sensor Tower, Missile Turret, SCV  
  184  19:31  Missile Turret, SCV x5  
  188  19:40  Missile Turret  
  188  19:44  Refinery  
  188  19:45  Marine x6  
  181  19:46  Marine x2, Marauder x3  
  181  19:47  Marauder, Refinery  
  181  19:48  Liberator  
  198  19:53  Missile Turret  
  198  19:55  Missile Turret  
  198  20:03  Marine x3  
  189  20:15  Marine x2  
  189  20:16  Marauder x3, Marine x4  
  189  20:21  Marine x2  
  182  20:28  Marine  
  176  20:33  Marine x3  
  176  20:34  Marauder  
  179  20:37  Marauder  
  179  20:39  Widow Mine x3  
  179  20:40  Medivac  
  174  20:51  Missile Turret  
  168  20:57  Marine x4  
  168  20:58  Marauder x2  
  156  21:10  Medivac  
  156  21:21  Orbital Command, Widow Mine, Drilling Claws  
  156  21:22  Widow Mine  
  160  21:29  Widow Mine  
  162  21:36  Missile Turret  
  162  21:37  Marine x2  
  162  21:38  Marine x2, Marauder x4  
  173  21:40  Medivac  
  112  22:10  Marine x4, Medivac  
  112  22:11  Marauder x4, Marine x2  
  102  22:26  Marine x2  
  102  22:28  Marine x2  
  106  22:31  Widow Mine x3  
  106  22:32  Marauder x3  
  114  22:40  Marauder, Medivac, Marine x4  
  122  22:50  Liberator  
  125  22:57  Marauder, Marine x4  
  125  22:58  Marauder  
  131  23:03  Widow Mine x3  
  136  23:10  Medivac  
  136  23:19  Marauder, Marine x2  
  142  23:20  Marauder x3, Marine x3  
  143  23:33  Marine x3  
  135  23:37  Marine  
  135  23:38  Marine x3  
  126  23:41  Marauder x2  
  126  23:45  Orbital Command  
  117  23:48  Marine x2  
  117  23:51  Marine x2  
  119  23:56  Medivac  
  98  24:28  Starport Reactor  
Tags
 
Add a new tag
Caveats
  • Supply blocks, unpowered buildings, or Contaminate may cause inaccurate times.
  • Supply counts are checked every 10 seconds.